 Dungeon Crawl Stone Soup version 0.30-a0-782-ge64f9170bb (webtiles) character file.

Game seed: 11258880966318330645

10900 Armakuni the Carver (level 12, -1/97 HPs)
             Began as a Human Monk on Mar 4, 2023.
             Was a Believer of Elyvilon.
             Slain by a dire elephant simulacrum (20 damage)
             ... in an ice cave.
             The game lasted 00:39:31 (13001 turns).

Armakuni the Carver (Human Monk)                   Turns: 13001, Time: 00:39:32

Health: -1/97      AC:  9    Str: 11    XL:     12   Next: 1%
Magic:  14/19      EV: 17    Int: 13    God:    Elyvilon [**....]
Gold:   809        SH: 11    Dex: 19    Spells: 11/11 levels left

rFire   . . .      SeeInvis .    a - +0 scimitar
rCold   . . .      Faith    .    o - +0 buckler
rNeg    . . .      Spirit   .    g - +0 acid dragon scales
rPois   .          Reflect  +    K - +0 helmet
rElec   .          Harm     .    n - +0 cloak
rCorr   +          Rampage  .    x - +0 pair of gloves
Will    .....                    (no boots)
Stlth   ++                       H - amulet of reflection
HPRegen 0.36/turn                L - ring of flight
MPRegen 0.16/turn                E - +5 ring of evasion

@: flying, studying Short Blades
A: no striking features
a: Renounce Religion, Purification, Heal Other


You were in an ice cave.
You worshipped Elyvilon.
Elyvilon was pleased with you.
You visited 2 branches of the dungeon, and saw 12 of its levels.
You also visited: Ice Cave.

You collected 1105 gold pieces.
You spent 296 gold pieces at shops.

Inventory:

Hand Weapons
 a - a +0 scimitar (weapon)
 b - a +0 sling
 j - a +1 great sword
 s - a +1 antimagic rapier
 O - the +5 Force Lance {heavy, knockback}
   (You found it on level 10 of the Dungeon)
Missiles
 m - 10 boomerangs (quivered)
 G - a throwing net
 N - 4 curare-tipped darts
Armour
 g - +0 acid dragon scales (worn)
 n - a +0 cloak (worn)
 o - a +0 buckler (worn)
 x - a +0 pair of gloves (worn)
 K - a +0 helmet (worn)
Jewellery
 E - a +5 ring of evasion (right hand)
 H - an amulet of reflection (around neck)
 L - a ring of flight (left hand)
 W - a ring of willpower
Scrolls
 d - 4 scrolls of fear
 f - 3 scrolls of magic mapping
 i - a scroll of fog
 p - a scroll of amnesia
 u - a scroll of silence
 w - 7 scrolls of teleportation
 y - a scroll of blinking
 z - 2 scrolls of immolation
 D - a scroll of poison
 F - 2 scrolls of enchant armour
Potions
 c - 2 potions of ambrosia
 e - 3 potions of haste
 h - 5 potions of curing
 k - 2 potions of brilliance
 q - 3 potions of flight
 A - 2 potions of invisibility
 B - a potion of magic
 C - 3 potions of might
 J - 3 potions of lignification
 M - a potion of cancellation {unknown}
 P - a potion of mutation {unknown}
Miscellaneous
 t - a tin of tremorstones (inert)


   Skills:
 - Level 10.0 Fighting
 + Level 11.9 Long Blades
 - Level 2.0 Armour
 - Level 3.7 Dodging
 - Level 2.0 Stealth
 - Level 4.0 Shields
 - Level 10.0 Invocations


You had 11 spell levels left.
You didn't know any spells.
Your spell library contained the following spells:

 Spells                   Type           Power      Damage    Failure   Level
 Apportation              Tloc           0%         N/A       52%         1
 Necrotise                Necr           0%         1d4       52%         1
 Summon Small Mammal      Summ           0%         N/A       52%         1
 Sublimation of Blood     Necr           0%         N/A       67%         2
 Wereblood                Tmut           0%         N/A       67%         2
 Airstrike                Air            0%         2d(0-16)  99%         4
 Leda's Liquefaction      Hex/Erth       0%         N/A       99%         4
 Summon Lightning Spire   Summ/Air       0%         N/A       99%         4
 Alistair's Intoxication  Tmut/Pois      0%         N/A       100%        5
 Blade Hands              Tmut           0%         N/A       100%        5
 Borgnjor's Vile Clutch   Necr/Erth      0%         N/A       100%        5
 Irradiate                Conj/Tmut      0%         3d11      100%        5
 Lee's Rapid Deconstruct  Erth           0%         3d4*      100%        5
 Lightning Bolt           Conj/Air       0%         1d11      100%        5
 Eringya's Noxious Bog    Tmut/Pois      0%         N/A       100%        6
 Statue Form              Tmut/Erth      0%         N/A       100%        6
 Dragon Form              Tmut           0%         N/A       100%        7
 Summon Hydra             Summ           0%         N/A       100%        7


Dungeon Overview and Level Annotations

Branches:
Dungeon (11/15)            Temple (1/1) D:5           IceCv (1/1)
   Lair: D:8-11         Orc: D:9-12

Altars:
Ashenzari
Cheibriados
Dithmenos
Elyvilon
Fedhas
Gozag
Hepliaklqana
Kikubaaqudgha
Makhleb
Nemelex Xobeh
Okawaru
Qazlal
Ru
Sif Muna
Trog
Uskayaw
Vehumet
Wu Jian
Xom
Yredelemnul
Zin
The Shining One

Shops:
D:2 *   D:4 **(*(   D:6 *

Annotations:
IceCv exclusion: ice statue


Message History

* * * LOW HITPOINT WARNING * * *
You hold your ground!
The dire elephant simulacrum completely misses you.
You are too injured to fight recklessly!
You are healed.
You are too injured to fight recklessly!
You are too injured to fight recklessly!
You are too injured to fight recklessly!
You hit the dire elephant simulacrum but do no damage.
The dire elephant simulacrum is severely damaged.
The dire elephant simulacrum tramples you!!
* * * LOW HITPOINT WARNING * * *
You hold your ground!
You block the dire elephant simulacrum's attack.
You hit the dire elephant simulacrum but do no damage.
The dire elephant simulacrum is severely damaged.
The dire elephant simulacrum closely misses you.
The dire elephant simulacrum trunk-slaps you.
* * * LOW HITPOINT WARNING * * *
The dire elephant simulacrum freezes you!!
Elyvilon protects you from harm!
You are healed.
You can no longer provide healing for yourself.
The dire elephant simulacrum tramples you!
* * * LOW HITPOINT WARNING * * *
You hold your ground!
The dire elephant simulacrum trunk-slaps you.
* * * LOW HITPOINT WARNING * * *
The dire elephant simulacrum freezes you!!
Elyvilon protects you from harm!
Okay, then.
Okay, then.
Unknown command.
Okay, then.
You hit the dire elephant simulacrum.
The dire elephant simulacrum is severely damaged.
You hit the dire elephant simulacrum but do no damage.
The dire elephant simulacrum is severely damaged.
The dire elephant simulacrum tramples you!!
You die...

######## ########
##..@...######~.#....
#..Z..##..##~~##.#..#
#....######~~~####..##
#....###≈≈≈≈≈~~####...#
##### ##≈≈≈≈≈≈≈##..###
##≈≈≈≈≈≈≈##..###
≈≈≈≈≈≈≈≈≈###..##
##≈≈Z≈≈≈≈≈#..###.
##≈≈≈≈≈≈##...##.


You could see a dire elephant simulacrum.

Vanquished Creatures
  A two-headed ogre (D:6)
  Lodul (D:10)
  A cyclops (D:11)
  An ice devil (IceCv)
  An anaconda simulacrum (IceCv)
  A troll (D:9)
  A hornet (D:8)
  2 dire elephant simulacra (IceCv)
  A vampire (D:10)
  3 yaks (D:10)
  2 wyverns
  Grum (D:10)
  A death yak simulacrum (IceCv)
  2 acid dragons (D:9)
  4 orc warriors
  An ice beast (D:6)
  A black bear (D:7)
  7 ogres
  3 centaurs
  4 wolves
  4 bullfrogs
  3 kobold brigands
  5 gnoll sergeants
  A necrophage (D:4)
  3 scorpions
  A cane toad simulacrum (IceCv)
  3 two-headed ogre simulacra (IceCv)
  7 wights (D:7)
  An elephant simulacrum (IceCv)
  4 howler monkeys
  4 jellies
  An electric eel (D:8)
  9 hounds
  3 quasits (D:7)
  10 orc priests
  3 gnoll boudas
  Jessica (D:3)
  16 orc wizards
  7 spriggan simulacra (IceCv)
  4 troll simulacra (IceCv)
  2 polar bear simulacra (IceCv)
  A wolf simulacrum (IceCv)
  34 gnolls
  8 adders
  4 naga simulacra (IceCv)
  3 shadow imps (D:7)
  10 white imps
  6 ufetubi
  2 worms
  3 dart slugs
  43 orcs
  5 bats
  8 endoplasms
  5 giant cockroaches
  5 goblins
  11 hobgoblins
  6 jackals
  3 quokkas
  5 ball pythons
  8 kobolds
  4 rats
  A spectral hobgoblin (D:2)
306 creatures vanquished.

Vanquished Creatures (others)
  A yak (D:10)
  A wight (D:7)
  An orc priest (D:6)
  A gnoll bouda (D:6)
  2 orc wizards
  A gnoll (D:6)
  An orc (D:7)
  A quokka (D:3)
  3 demonic plants (D:7)
12 creatures vanquished.

Grand Total: 318 creatures vanquished

Notes
Turn   | Place    | Note
-------+----------+-------------------------------------------
     0 | D:1      | Armakuni the Human Monk began the quest for the Orb.
     0 | D:1      | Reached XP level 1. HP: 18/18 MP: 1/1
   263 | D:1      | Reached XP level 2. HP: 24/24 MP: 2/2
   463 | D:1      | Reached skill level 4 in Long Blades
   463 | D:1      | Reached XP level 3. HP: 22/29 MP: 3/3
  1015 | D:2      | Found Ygu Zaq's Assorted Antiques.
  1026 | D:2      | Bought a bubbling red potion for 16 gold pieces
  1026 | D:2      | Bought a sapphire potion for 16 gold pieces
  1026 | D:2      | Bought a fuming black potion for 16 gold pieces
  1026 | D:2      | Bought a bubbling red potion for 16 gold pieces
  1178 | D:2      | Reached skill level 1 in Armour
  1253 | D:2      | Reached XP level 4. HP: 31/35 MP: 4/4
  1576 | D:2      | Found a faded altar of an unknown god.
  1651 | D:3      | Noticed Jessica
  1673 | D:3      | Killed Jessica
  1783 | D:3      | Reached XP level 5. HP: 41/41 MP: 5/5
  1965 | D:3      | Found a white marble altar of Elyvilon.
  1972 | D:3      | Became a worshipper of Elyvilon the Healer
  1972 | D:3      | Reached * piety under Elyvilon
  1972 | D:3      | Reached ** piety under Elyvilon
  2076 | D:3      | Reached skill level 1 in Invocations
  2553 | D:4      | Found Fighueb's Weapon Shoppe.
  2593 | D:4      | Found Gehuredgh's General Store.
  2746 | D:4      | Found Jogaloco's Weapon Emporium.
  2756 | D:4      | Bought a +0 scimitar for 48 gold pieces
  2851 | D:4      | Reached XP level 6. HP: 44/48 MP: 7/7
  2869 | D:4      | Reached *** piety under Elyvilon
  2910 | D:4      | Found a radiant altar of Vehumet.
  2920 | D:4      | Found Xuisihy's Assorted Antiques.
  2928 | D:4      | Bought a scroll labelled XUF BYCVAECSOKHLUC for 26 gold
                  | pieces
  2928 | D:4      | Bought a green potion for 23 gold pieces
  2928 | D:4      | Bought 2 fizzy pink potions for 46 gold pieces
  3352 | D:4      | Found Jesiquf's General Store.
  3475 | D:5      | Entered Level 5 of the Dungeon
  3538 | D:5      | Reached XP level 7. HP: 52/54 MP: 10/10
  3551 | D:5      | Reached skill level 5 in Invocations
  3904 | D:5      | Found a stormy altar of Qazlal.
  3919 | D:5      | Found a shadowy altar of Dithmenos.
  3942 | D:5      | Reached XP level 8. HP: 49/60 MP: 11/13
  4097 | D:5      | Found a staircase to the Ecumenical Temple.
  4149 | Temple   | Entered the Ecumenical Temple
  4399 | D:5      | Reached **** piety under Elyvilon
  4400 | D:5      | Found a burning altar of Makhleb.
  5211 | D:6      | Found a snail-covered altar of Cheibriados.
  5322 | D:6      | Noticed a two-headed ogre
  5535 | D:6      | Reached XP level 9. HP: 36/65 MP: 10/16
  5867 | D:5      | Reached skill level 10 in Invocations
  5970 | D:6      | Killed a two-headed ogre
  5971 | D:6      | Reached skill level 7 in Long Blades
  6134 | D:6      | You fall into a shaft and drop 3 floors!
  6366 | D:7      | Reached skill level 8 in Long Blades
  6561 | D:7      | Reached XP level 10. HP: 70/71 MP: 17/17
  6619 | D:7      | Reached skill level 9 in Long Blades
  7083 | D:6      | Reached skill level 10 in Long Blades
  7306 | D:6      | Reached skill level 1 in Shields
  7326 | D:6      | Elyvilon protects you from harm!
  7327 | D:6      | Elyvilon protects you from harm!
  7538 | D:6      | Found a bloodstained altar of Trog.
  7837 | D:6      | Found Allopio's Assorted Antiques.
  7842 | D:6      | Bought a scroll labelled YHIGACK MEFI for 23 gold pieces
  7845 | D:6      | Bought a ruby potion for 20 gold pieces
  7845 | D:6      | Bought a scroll of identify for 46 gold pieces
  8136 | D:7      | Reached skill level 5 in Fighting
  8469 | D:8      | Noticed a two-headed ogre
  8470 | D:8      | Pacified a two-headed ogre
  8923 | D:8      | Found a hazy altar of Hepliaklqana.
  8925 | D:8      | Found a faded altar of an unknown god.
  9287 | D:8      | Reached XP level 11. HP: 46/84 MP: 18/18
 10539 | D:10     | Entered Level 10 of the Dungeon
 10539 | D:10     | Found the +5 Force Lance {heavy, knockback}
 10570 | D:10     | Noticed Grum
 10804 | D:10     | Killed Grum
 10892 | D:10     | Found a broken altar of Ashenzari.
 11042 | D:10     | Found a shimmering blue altar of Sif Muna.
 11042 | D:10     | Noticed Lodul
 11052 | D:10     | Reached skill level 10 in Fighting
 11058 | D:10     | Killed Lodul
 11320 | D:11     | Found a frozen archway.
 11325 | D:11     | Noticed a cyclops
 11337 | D:11     | Killed a cyclops
 11338 | D:11     | Reached skill level 11 in Long Blades
 11351 | IceCv    | Entered an ice cave
 12909 | IceCv    | Noticed a reaper
 12932 | IceCv    | Reached XP level 12. HP: 84/97 MP: 16/19
 12998 | IceCv    | Elyvilon protects you from harm!
 12999 | IceCv    | Elyvilon protects you from harm!
 13001 | IceCv    | Slain by a dire elephant simulacrum

Illustrated notes

Levels and vault maps discovered:
D:1:      dpeg_arrival_water_temple_mockup, layout_loops_ring
D:2:      layout_basic, serial_shops, shop,
          dreamdust_ecumenical_altar_drowned_temple
D:3:      layout_basic, elyvilon_altar_4, uniq_jessica
D:4:      layout_gridville, nicolae_vehumet_altar_sigil, serial_shops, shop,
          nicolae_shop_window_shopping, kennysheep_mini_moat, shop,
          nicolae_shop_hallway_plus
D:5:      layout_loops_corners, lemuel_tele_altar, mainiacjoe_overflow_catwalk,
          mainiacjoe_overflow_brackets, minmay_temple_entry_slanted
D:6:      layout_cave_pools, trog_antimagical,
          mainiacjoe_overflow_cross_hatched, serial_gnoll_camp,
          gnoll_camp_medium_02, gnoll_camp_huts_basic, gnoll_camp_mini_shop,
          gnoll_camp_mini_hut
D:7:      layout_gridville, serial_demonic, serial_demonic_f, serial_demonic_g,
          serial_demonic_c, serial_demonic_a, serial_demonic_f, serial_demonic_e
D:8:      hellmonk_crumbling_castle, layout_cave_pools,
          beargit_hepliaklqana_dungeon_heroes, water_maze_lemuel
D:9:      layout_basic, minmay_chambers_of_fives
D:10:     layout_cave_pools, mainiacjoe_overflow_surrounded_room,
          kennysheep_mini, uniq_grum, uniq_lodul
D:11:     layout_roguey, erik_lair_orcish_takeover,
          portal_ice_cave_entry_pillars_1
Temple:   nicolae_temple_ecumenical_triangle
IceCv:    ice_cave_caverns_02

Skill      XL: |  1  2  3  4  5  6  7  8  9 10 11 |
---------------+----------------------------------+-----
Long Blades    | 4 8 10 11 | 11.9
Armour         | 1 2 |  2.0
Invocations    | 2 4 6 9 10 | 10.0
Fighting       | 4 7 10 | 10.0
Shields        | 4 |  4.0
Dodging        | |  3.7
Stealth        | |  2.0

Action                     |  1- 3 |  4- 6 |  7- 9 | 10-12 || total
---------------------------+-------+-------+-------+-------++-------
  Melee: Falchion          |    56 |       |       |       ||    56
         Punch             |     1 |     1 |     7 |     2 ||    11
         Long sword        |    33 |   112 |       |       ||   145
         Scimitar          |       |    66 |   385 |   636 ||  1087
  Throw: Dart              |       |     9 |    10 |     4 ||    23
         Throwing net      |       |       |     9 |     4 ||    13
         Boomerang         |       |       |       |     5 ||     5
 Invoke: Purification      |       |       |     2 |       ||     2
         Heal Other        |       |       |     6 |     4 ||    10
         Heal Self         |       |       |     5 |    18 ||    23
  Evoke: Wand              |       |       |       |    27 ||    27
         Tin of tremorston |       |       |       |     2 ||     2
    Use: Scroll            |     4 |     6 |       |    12 ||    22
         Potion            |       |     4 |     2 |     2 ||     8
   Stab: Sleeping          |     6 |     1 |       |     1 ||     8
         Held in net/web   |       |       |     2 |     1 ||     3
         Invisible         |       |       |       |     8 ||     8
         Distracted        |       |       |       |     1 ||     1
 Armour: Robe              |     7 |       |       |       ||     7
         Ring mail         |    13 |    36 |       |       ||    49
         Scale mail        |       |    36 |    97 |    83 ||   216
         Skin              |       |     3 |       |     6 ||     9
         Acid dragon scale |       |       |       |    56 ||    56
  Dodge: Dodged            |    51 |   113 |   316 |   378 ||   858
  Block: Buckler           |       |       |       |   261 ||   261
         Reflection        |       |       |       |     6 ||     6

Table legend: (Time is in decaauts)
 A = Elapsed time spent in this place.
 B = Non-inter-level travel time spent in this place.
 C = Inter-level travel time spent in this place.
 D = Time resting spent in this place.
 E = Time spent auto-exploring this place.
 F = Levels seen in this place.
 G = Mean time per level.
                   A        B        C        D        E       F      G
               +--------+--------+--------+--------+--------+-----+--------+
         Total |  13060 |  12335 |    725 |   2714 |   5022 |  13 | 1004.6 |
       Dungeon |  11398 |  10674 |    724 |   1712 |   4763 |  11 | 1036.2 |
        Temple |     27 |     26 |      1 |      0 |     18 |   1 |   27.0 |
      Ice Cave |   1633 |   1633 |      0 |   1002 |    241 |   1 | 1633.0 |
               +--------+--------+--------+--------+--------+-----+--------+

Top non-repeatable levels by time:
     D:5: 1650 daAuts
   IceCv: 1633 daAuts
     D:7: 1584 daAuts
     D:6: 1535 daAuts
     D:9: 1218 daAuts
     D:8: 1146 daAuts
     D:4: 928 daAuts
     D:2: 867 daAuts
     D:3: 864 daAuts
     D:1: 860 daAuts
    D:10: 712 daAuts
    D:11: 30 daAuts
  Temple: 27 daAuts
